AoeStats
← 陟遐自迩

Oasis

509911681Analyzed
4v4 RM · 3d ago on Sep 28, 2026· 43m 11s· 8 players
Game mode
Random Map
Map size
Large (8 player)
Population
200
Speed
Normal
Resources
Standard
Victory
Conquest
Starting age
Dark Age
Ending age
Imperial Age
RankedLock teamsTeams togetherTeam positionsShared explorationLock speedFull tech treeHidden civsTurbo modeCheats
Victory
Defeat
🇹🇼 Italians · Taiwan
1080
+14
🇹🇼 Maya · Taiwan
1079
+14
🇩🇪 Persians · Germany
1019
+16
🇹🇼 Bohemians · Taiwan
998
+16
🇧🇷 Saracens · Brazil
1052
-16
🇹🇼 Persians · Taiwan
1038
-16
🇫🇷 Teutons · France
1006
-14
🇬🇧 Saxons · United Kingdom
998
-14
Wilson
10:17 Loom
12:04 Feudal Age
15:43 Double-Bit Axe
18:07 Castle Age
24:24 Horse Collar
26:08 Double-Bit Axe
30:42 Wheelbarrow
29:39 Pikeman
32:35 Bow Saw
35:29 Hand Cart
35:33 Squires
35:50 Heavy Plow
37:33 Scale Mail Armor
37:43 Forging
39:46 Chain Mail Armor
40:06 Iron Casting
42:50 Imperial Age
Scan
5:52 Loom
11:38 Feudal Age
14:39 Wheelbarrow
14:02 Double-Bit Axe
16:46 Castle Age
15:57 Gold Mining
15:54 Horse Collar
22:05 Bow Saw
22:34 Heavy Plow
26:42 Hand Cart
27:55 Stone Mining
30:54 Imperial Age
30:42 Treadmill Crane
32:44 Chemistry
32:10 Ballistics
32:19 Pirotechnia
32:30 Conscription
32:36 Silk Road
32:49 Caravan
33:05 Thumb Ring
32:59 Fletching
33:09 Padded Archer Armor
34:21 Bodkin Arrow
36:37 Town Watch
38:31 Bracer
38:47 Leather Archer Armor
38:44 Scale Barding Armor
TwoLight
11:05 Feudal Age
9:30 Loom
12:14 Double-Bit Axe
18:20 Castle Age
16:22 Horse Collar
17:15 Fletching
18:39 Crossbowman
19:28 Bodkin Arrow
22:00 Padded Archer Armor
22:40 Ballistics
24:49 Leather Archer Armor
25:18 Bow Saw
28:00 Pikeman
28:40 Squires
34:00 Wheelbarrow
35:41 Forging
35:31 Scale Mail Armor
35:52 Fortified Wall
40:04 Imperial Age
39:34 Chain Mail Armor
39:54 Iron Casting
39:19 Treadmill Crane
40:25 Halberdier
40:40 Arbalester
42:11 Conscription
陟遐自迩
0:42 Loom
12:42 Feudal Age
13:41 Horse Collar
19:34 Castle Age
17:54 Stone Mining
18:49 Forging
20:29 Wheelbarrow
20:10 Double-Bit Axe
21:19 Bloodlines
21:56 Bow Saw
22:10 Gold Mining
23:02 Husbandry
26:46 Gold Shaft Mining
26:50 Scale Barding Armor
29:10 Stone Shaft Mining
30:30 Iron Casting
30:16 Chain Barding Armor
31:46 Heavy Plow
35:47 Imperial Age
33:36 Hand Cart
33:07 Town Watch
34:13 Fletching
36:01 Caravan
36:44 Crop Rotation
37:28 Two-Man Saw
36:52 Conscription
36:02 Elite War Elephant
38:02 Blast Furnace
37:48 Plate Barding Armor
39:34 Devotion
43:23 Faith
Brooony
4:03 Loom
10:32 Feudal Age
10:46 Man-at-Arms
18:38 Scale Mail Armor
20:04 Forging
24:44 Castle Age
23:51 Double-Bit Axe
24:25 Bloodlines
24:51 Scale Barding Armor
24:52 Horse Collar
26:01 Wheelbarrow
28:10 Bow Saw
33:21 Hand Cart
35:55 Heavy Plow
37:39 Pikeman
40:30 Iron Casting
40:11 Chain Mail Armor
Nicolas Malle
10:24 Feudal Age
11:25 Loom
12:53 Double-Bit Axe
18:47 Castle Age
30:38 Horse Collar
31:45 Heavy Plow
34:30 Wheelbarrow
35:45 Bow Saw
35:48 Elite Skirmisher
Renannve
9:32 Loom
11:18 Feudal Age
13:07 Wheelbarrow
16:01 Castle Age
20:35 Scale Barding Armor
23:40 Horse Collar
26:49 Double-Bit Axe
28:06 Husbandry
30:05 Hand Cart
30:21 Forging
31:37 Heavy Plow
31:29 Gold Mining
31:51 Bow Saw
34:15 Chain Barding Armor
36:33 Imperial Age
34:39 Bloodlines
34:55 Fortified Wall
35:33 Gold Shaft Mining
34:42 Light Cavalry
38:35 Chemistry
36:59 Hussar
38:54 Plate Barding Armor
41:27 Conscription
極易電腦
2:30 Loom
10:56 Feudal Age
11:32 Double-Bit Axe
11:28 Horse Collar
15:03 Wheelbarrow
17:45 Castle Age
18:33 Hand Cart
18:21 Heavy Plow
18:34 Bow Saw
24:37 Caravan
27:33 Gold Mining
28:56 Gold Shaft Mining
28:12 Stone Mining
28:20 Stone Mining
32:47 Imperial Age
30:46 Ballistics
30:21 Murder Holes
30:37 Masonry
30:37 Scale Barding Armor
30:42 Forging
31:11 Husbandry
31:44 Bloodlines
31:43 Kamandaran
32:41 Chain Barding Armor
32:58 Iron Casting
32:27 Cavalier
33:32 Conscription
33:48 Hoardings
34:54 Blast Furnace
35:10 Plate Barding Armor
36:06 Two-Man Saw
35:37 Crop Rotation
35:05 Savar
36:42 Fletching
36:53 Padded Archer Armor
37:03 Elite War Elephant
38:26 Heavy Camel Rider
40:10 Citadels
40:47 Bodkin Arrow
41:07 Leather Archer Armor
40:53 Scale Mail Armor
40:16 Pikeman
40:57 Squires
40:42 Arson
42:09 Town Watch
Connection lost

Rejoining the realm…

Still unreachable

The connection could not be restored.

Session expired

The server has moved on; the page needs a fresh start.